AoeStats
← UndueMarker5275

Black Forest

509443128Analyzed
2v2 RM · 6d ago on Sep 26, 2026· 66m 38s· 4 players
Game mode
Random Map
Map size
Medium (4 player)
Population
200
Speed
Normal
Resources
Standard
Victory
Conquest
Starting age
Dark Age
Ending age
Imperial Age
RankedLock teamsTeams togetherTeam positionsShared explorationLock speedFull tech treeHidden civsTurbo modeCheats
Victory
Defeat
🇩🇪 Goths · Germany
1033
+16
🇧🇦 Italians · Bosnia & Herzegovina
985
+17
🇺🇸 Britons · United States
1032
-17
🇺🇸 Hindustanis · United States
1018
-16
General Ngannou
0:52 Loom
12:30 Feudal Age
13:50 Wheelbarrow
12:51 Man-at-Arms
20:30 Double-Bit Axe
22:29 Town Watch
25:37 Castle Age
24:41 Fletching
25:16 Horse Collar
26:03 Stone Mining
26:35 Gold Mining
26:17 Crossbowman
27:52 Pikeman
28:39 Long Swordsman
33:20 Hand Cart
36:09 Heavy Plow
39:23 Imperial Age
37:21 Bodkin Arrow
38:26 Scale Mail Armor
38:08 Elite Skirmisher
41:19 Bracer
43:20 Chemistry
44:00 Padded Archer Armor
44:15 Chain Mail Armor
44:11 Forging
46:02 Ballistics
46:43 Murder Holes
46:59 Masonry
47:28 Iron Casting
47:13 Treadmill Crane
51:35 Caravan
55:35 Elite Huskarl
58:51 Conscription
59:43 Leather Archer Armor
Koksal Jr.
1:17 Loom
11:52 Feudal Age
12:16 Horse Collar
13:03 Double-Bit Axe
19:17 Castle Age
17:44 Gold Mining
20:22 Bow Saw
20:15 Heavy Plow
20:06 Town Watch
22:30 Stone Mining
24:30 Wheelbarrow
27:34 Imperial Age
27:23 Scale Mail Armor
27:33 Forging
27:39 Squires
28:19 Chain Mail Armor
30:12 Iron Casting
29:38 Fletching
32:06 Chemistry
31:41 Bodkin Arrow
34:27 Plate Mail Armor
35:42 Padded Archer Armor
36:57 Ballistics
36:46 Pikeman
40:21 Blast Furnace
41:45 Elite Skirmisher
44:57 Silk Road
45:40 Murder Holes
47:47 Hand Cart
47:52 Caravan
48:44 Bracer
52:01 Leather Archer Armor
54:25 Coinage
54:28 Man-at-Arms
56:47 Long Swordsman
60:16 Ring Archer Armor
61:30 Two-Handed Swordsman
63:39 Banking
63:42 Elite Genoese Crossbowman
66:03 Champion
UndueMarker5275
7:16 Loom
11:39 Feudal Age
16:35 Castle Age
14:43 Double-Bit Axe
14:41 Horse Collar
24:11 Wheelbarrow
27:20 Heavy Plow
27:40 Bow Saw
27:21 Loom
28:03 Husbandry
28:10 Scale Barding Armor
28:27 Hand Cart
32:18 Imperial Age
30:21 Bloodlines
30:29 Gold Mining
32:11 Chain Barding Armor
32:31 Gold Shaft Mining
33:49 Plate Barding Armor
32:38 Heavy Camel Rider
32:55 Onager
37:24 Forging
40:12 Light Cavalry
48:53 Hussar
64:00 Iron Casting
TrampyFlounder
1:02 Loom
12:33 Feudal Age
18:00 Castle Age
21:48 Horse Collar
23:22 Double-Bit Axe
23:40 Stone Mining
24:21 Heavy Plow
24:42 Bow Saw
25:44 Wheelbarrow
28:22 Fletching
29:50 Town Watch
30:39 Gold Mining
31:54 Squires
32:36 Padded Archer Armor
32:31 Bodkin Arrow
37:48 Imperial Age
36:20 Ballistics
36:18 Leather Archer Armor
36:14 Forging
37:30 Yeomen
37:42 Man-at-Arms
38:09 Gambesons
39:06 Bracer
41:36 Chemistry
43:49 Elite Longbowman
46:15 Murder Holes
46:27 Siege Engineers
46:12 Elite Skirmisher
54:24 Scale Barding Armor
54:55 Iron Casting
54:51 Ring Archer Armor
54:56 Light Cavalry
56:30 Husbandry
58:13 Coinage
57:58 Guilds
Connection lost

Rejoining the realm…

Still unreachable

The connection could not be restored.

Session expired

The server has moved on; the page needs a fresh start.